 Dungeon Crawl Stone Soup version 0.29.1-1-gd02db6906a (webtiles) character file.

Game seed: 14387090923392577261

53 xian the Stinger (level 3, -2/17 HPs)
             Began as a Deep Elf Venom Mage on Oct 22, 2022.
             Was a Follower of Hepliaklqana.
             Slain by a kobold
             ... wielding a +0 short sword of electrocution
              (4 damage)
             ... on level 2 of the Dungeon.
             The game lasted 00:05:15 (1948 turns).

xian the Stinger (Deep Elf Venom Mage)              Turns: 1948, Time: 00:05:15

Health: -2/17      AC:  5    Str:  5    XL:     3   Next: 64%
Magic:  4/10       EV: 11    Int: 19    God:    Hepliaklqana [*.....]
Gold:   44         SH:  0    Dex: 15    Spells: 3/9 levels left

rFire   + . .      SeeInvis .   i - +0 dagger
rCold   . . .      Faith    .   (no shield)
rNeg    + . .      Spirit   .   h - +0 leather armour
rPois   .          Reflect  .   (no helmet)
rElec   .          Harm     .   (no cloak)
rCorr   .          Rampage  .   (no gloves)
Will    .....                   (no boots)
Stlth   ++........              (no amulet)
HPRegen 0.05/turn               j - ring of protection from fire
MPRegen 0.12/turn               m - ring of positive energy

@: about to teleport, weak-willed
A: reduced essence, iridescent scales 1, dopey 1
a: Renounce Religion, Recall Ancestor, Ancestor Identity


You were on level 2 of the Dungeon.
You worshipped Hepliaklqana.
Hepliaklqana was aware of your devotion.
You visited 1 branch of the dungeon, and saw 2 of its levels.

You collected 44 gold pieces.

Inventory:

Hand Weapons
 i - a +0 dagger (weapon)
Armour
 h - a +0 leather armour (worn)
Jewellery
 j - a ring of protection from fire (left hand)
 m - a ring of positive energy (right hand)
Scrolls
 a - a scroll of identify {unknown}
 d - 2 scrolls of acquirement
 f - a scroll of vulnerability
 k - a scroll of poison {unknown}
Potions
 b - a potion of magic


   Skills:
 + Level 0.7 Armour
 + Level 2.4 Dodging
 + Level 2.8 Stealth
 + Level 3.7 Spellcasting
 + Level 1.6 Transmutations
 + Level 4.1 Poison Magic


You had 3 spell levels left.
You knew the following spells:

 Your Spells              Type           Power      Damage    Failure   Level
a - Sting                 Tmut/Pois      56%        1d5       7%          1
b - Poisonous Vapours     Pois/Air       22%        N/A       16%         2
c - Mephitic Cloud        Conj/Pois/Air  8%         N/A       36%         3

Your spell library contained the following spells:

 Spells                   Type           Power      Damage    Failure   Level
 Olgreb's Toxic Radiance  Pois           19%        N/A       38%         4


Dungeon Overview and Level Annotations

Branches:
Dungeon (2/15)

Altars:
Hepliaklqana

Annotations:
D:2 Natasha


Innate Abilities, Weirdness & Mutations

Your life essence is reduced to manifest your ancestor. (-10% HP)
You are partially covered in iridescent scales. (AC +2)
You are dopey. (Int -2)


Message History

The shadow imp barely misses you.
The shadow imp hits you but does no damage.
You feel much better. The endoplasm freezes you.
You are frozen.
The kobold hits you with a +0 short sword of electrocution.
The shadow imp hits you.
The shadow imp hits you but does no damage.
Unknown command.
Okay, then.
It was a potion of curing.
You feel better. The kobold barely misses you.
The endoplasm closely misses you. The shadow imp hits you.
The shadow imp gestures at you. Pain shoots through your body!
It was a potion of mutation.
You feel extremely strange.
You feel stupid.
Iridescent scales grow over part of your body.
The endoplasm barely misses you. The kobold closely misses you.
The shadow imp misses you. The shadow imp hits you.
Unknown command.
As you read the scroll labelled POAXUA ANNO, it crumbles to dust.
Magic quickly surges around you.
It was a scroll of vulnerability.
The endoplasm freezes you.
You are frozen.
The kobold closely misses you. The shadow imp hits you. x2
As you read the scroll labelled RIFUKY VOTACK, it crumbles to dust.
You feel strangely unstable.
It was a scroll of teleportation.
Natasha looks more healthy.
The kobold barely misses you. The endoplasm freezes you.
You are frozen.
* * * LOW HITPOINT WARNING * * *
The shadow imp barely misses you.
The shadow imp shouts, "Decamp, thou gorbellied toenail-biting buzzard-bait!"
The shadow imp hits you.
* * * LOW HITPOINT WARNING * * *
Okay, then.
The shadow imp attacks as you move away!
The shadow imp hits you but does no damage.
The kobold attacks as you move away!
The kobold hits you with a +0 short sword of electrocution.
You die...

.#..##...R.........#
....##...#################
..........................
..#......#####.....##....#
......†..# #............#
..###....####............#
...........##.............
..###....#.##...55$.......
..##.....# ##...@Jh.......
...÷.....# ##....K.......#
.<##.#...#.##............#
....†......##########....#
............# #####
.......#.#..#
#..#...#.#... .....#.#.#
.. .....#.#.# ..#


You could see Natasha (weak-willed), 2 shadow imps, an endoplasm (weak-willed)
and a kobold (weak-willed).

Vanquished Creatures
  An adder (D:2)
  2 dart slugs (D:1)
  4 ball pythons
  4 endoplasms
  A giant cockroach (D:1)
  A hobgoblin (D:1)
  7 jackals (D:1)
  A quokka (D:1)
  6 bats
  4 goblins
  2 kobolds (D:1)
  3 rats (D:1)
36 creatures vanquished.

Vanquished Creatures (collateral kills)
  A bat (D:2)
1 creature vanquished.

Vanquished Creatures (others)
  An ancestor (D:2)
1 creature vanquished.

Grand Total: 38 creatures vanquished

Notes
Turn   | Place    | Note
-------+----------+-------------------------------------------
     0 | D:1      | xian the Deep Elf Venom Mage began the quest for the Orb.
     0 | D:1      | Reached XP level 1. HP: 10/10 MP: 6/6
   264 | D:1      | Reached XP level 2. HP: 15/15 MP: 6/8
   267 | D:1      | Learned a level 2 spell: Poisonous Vapours
   762 | D:1      | Noticed a floating eye
   764 | D:1      | Found a faded altar of an unknown god.
   765 | D:1      | Noticed an eye of devastation
   765 | D:1      | Noticed a great orb of eyes
   765 | D:1      | Noticed a golden eye
   896 | D:1      | Prayed at the altar of an unknown god.
   896 | D:1      | Became a worshipper of Hepliaklqana the Forgotten
   896 | D:1      | Reached * piety under Hepliaklqana
  1107 | D:1      | Reached skill level 4 in Poison Magic
  1107 | D:1      | Reached XP level 3. HP: 17/17 MP: 6/10
  1174 | D:1      | Learned a level 3 spell: Mephitic Cloud
  1929 | D:2      | Noticed Natasha
  1939 | D:2      | Identified 2 scrolls of acquirement
  1944 | D:2      | Gained mutation: You are dopey. (Int -2) [potion of
                  | mutation]
  1944 | D:2      | Gained mutation: You are partially covered in iridescent
                  | scales. (AC +2) [potion of mutation]
  1948 | D:2      | Slain by a kobold

Illustrated notes

Levels and vault maps discovered:
D:1:      dpeg_arrival_concentric_ovals, layout_basic,
          hellmonk_ecumenical_altar_watching_god, minivault_5
D:2:      layout_basic, uniq_crazy_yiuf_cottage, uniq_natasha

Skill      XL: |  1  2 |
---------------+-------+-----
Poison Magic   | 4 |  4.1
Armour         | |  0.7
Dodging        | |  2.4
Stealth        | |  2.8
Spellcasting   | |  3.7
Transmutations | |  1.6

Action                   || total
-------------------------++-------
 Cast: Sting             ||    76
       Poisonous Vapours ||     1
Invok: Ancestor Identity ||     1
  Use: Potion            ||     4
       Scroll            ||     2
Armor: Robe              ||     9
       Leather armour    ||    12
Dodge: Dodged            ||    50
